 Dungeon Crawl Stone Soup version 0.20-a0-1086-g4bd2f5b (webtiles) character file.

778 ciph the Firebug (level 7, -1/41 HPs)
             Began as an Octopode Fire Elementalist on Apr 30, 2017.
             Was an Initiate of Vehumet.
             Slain by a centaur (7 damage)
             ... on level 6 of the Dungeon on May 1, 2017.
             The game lasted 00:51:04 (5291 turns).

ciph the Firebug (Octopode Fire Elementalist)       Turns: 5291, Time: 00:51:05

Health: -1/41      AC:  1    Str:  7    XL:     7   Next: 85%
Magic:  9/10       EV: 13    Int: 20    God:    Vehumet [......]
Gold:   260        SH:  2    Dex: 12    Spells: 2/11 levels left

rFire    . . .     SeeInvis .   i - +0 dagger
rCold    . . .     Gourm    .   (no shield)
rNeg     . . .     Faith    .   (helmet restricted)
rPois    .         Spirit   .   t - +2 amulet of reflection
rElec    .         Reflect  +   (no ring)
rCorr    .         Harm     .   (no ring)
MR       .....                  (no ring)
Stlth    ++++......             (no ring)
Regen    0.2/turn               (no ring)
MPRegen  0.2/turn               (no ring)
                                (no ring)
                                (no ring)

@: no status effects
A: almost no armour, stealthy swim, amphibious, 8 rings, constrict 8, camouflage
1, gelatinous body 1
a: Renounce Religion


You were on level 6 of the Dungeon.
You worshipped Vehumet.
Vehumet was noncommittal.
You were not hungry.

You visited 2 branches of the dungeon, and saw 7 of its levels.

You collected 260 gold pieces.

Inventory:

Hand Weapons
 i - a +0 dagger (weapon)
   (You took it off a kobold on level 1 of the Dungeon)
 s - a +0 flail of draining
   (You took it off an orc priest on level 4 of the Dungeon)
Missiles
 p - 29 poisoned needles
 u - 17 stones (quivered)
Jewellery
 d - an uncursed amulet of magic regeneration
   (You found it on level 1 of the Dungeon)
 t - a +2 amulet of reflection (around mantle)
   (You found it on level 4 of the Dungeon)
Wands
 b - a wand of confusion (33/48)
   (You found it on level 4 of the Dungeon)
 n - a wand of polymorph (15/24)
   (You found it on level 2 of the Dungeon)
Scrolls
 h - 5 scrolls of immolation {!r}
 k - 2 scrolls of teleportation {unknown}
 l - 3 scrolls of remove curse
 o - a scroll of enchant weapon {unknown}
 q - 2 scrolls of fog {unknown}
 v - a scroll of recharging {unknown}
 w - a scroll of enchant armour {unknown}
 x - 3 scrolls of random uselessness {unknown}
 y - a scroll of noise {unknown}
Potions
 c - a potion of might
 e - a potion of brilliance
 g - 4 potions of curing
 r - a potion of haste
 z - a potion of berserk rage {unknown}
Books
 a - a book of Flames
Comestibles
 f - a royal jelly
 j - 4 meat rations
 m - 2 bread rations


   Skills:
 - Level 2.0 Dodging
 - Level 4.4 Stealth
 - Level 2.6 Spellcasting
 + Level 5.6 Conjurations
 + Level 6.1 Fire Magic


You had 2 spell levels left.
You knew the following spells:

 Your Spells              Type           Power        Failure   Level  Hunger
a - Flame Tongue          Conj/Fire      ####.        1%          1    None
b - Conjure Flame         Conj/Fire      ####....     4%          3    ###....
c - Fireball              Conj/Fire      ####......   36%         5    ######.


Dungeon Overview and Level Annotations

Branches:
Dungeon (6/15)             Temple (1/1) D:5

Altars:
Dithmenos
Kikubaaqudgha
Okawaru
Sif Muna
Trog
Uskayaw
Vehumet

Shops:
D:4 ?

Annotations:
D:3 Jessica; Shinoi's ghost, amateur DsMo
D:5 exclusion: crimson imp


Innate Abilities, Weirdness & Mutations

You cannot wear most types of armour.
You are very stealthy in the water. (Stealth+)
You are amphibious.
You can wear up to eight rings at the same time.
You can use your tentacles to constrict eight enemies at once.
Your skin changes colour to match your surroundings (Stealth+).
Your rubbery body absorbs attacks. (AC +1, EV +1)


Message History

There is an entrance to an ossuary on this level.
Hurry and find it before the portal is buried!
A quokka zombie comes into view.
There is a stone staircase leading up here.
The quokka zombie bites you.
You take 2 damage, and have 39/41 hp.
The flame tongue hits the quokka zombie.
The quokka zombie closely misses you.
You now have 9/10 mp.
The flame tongue hits the quokka zombie.
The quokka zombie barely misses you.
You now have 8/10 mp.
The flame tongue hits the quokka zombie.
You destroy the quokka zombie!
Vehumet accepts your kill.
You now have 7/10 mp.
No target in view!
A bullfrog skeleton comes into view.
Found a bread ration.
Found a stone staircase leading down.
You see here 10 gold pieces.
Saving game... please wait.
You hear the hiss of flowing sand.
There is an entrance to an ossuary on this level.
Hurry and find it before the portal is buried!
Welcome back, ciph the Octopode Fire Elementalist.
Vehumet says: Let it end in hellfire!
You don't know that spell.
The flame tongue hits the bullfrog skeleton.
The bullfrog skeleton hits you.
You take 4 damage, and have 36/40 hp.
You now have 7/8 mp.
The flame tongue hits the bullfrog skeleton.
The bullfrog skeleton closely misses you.
You now have 6/8 mp.
The flame tongue hits the bullfrog skeleton.
The bullfrog skeleton hits you.
You take 4 damage, and have 32/40 hp.
You now have 5/8 mp.
The flame tongue hits the bullfrog skeleton.
The bullfrog skeleton hits you.
You take 3 damage, and have 29/40 hp.
Warning: You now have 4/8 mp.
The flame tongue hits the bullfrog skeleton.
The bullfrog skeleton misses you. The bullfrog skeleton hits you!
You take 7 damage, and have 22/40 hp.
Warning: You now have 3/8 mp.
The flame tongue hits the bullfrog skeleton.
The bullfrog skeleton misses you.
Warning: You now have 2/8 mp.
The flame tongue hits the bullfrog skeleton.
You destroy the bullfrog skeleton!
Vehumet accepts your kill.
You now have 260 gold pieces (gained 10).
An adder comes into view.
You see here a bread ration.
m - 2 bread rations (gained 1)
You are feeling hungry.
Eating one of 3 chunks of flesh.
You eat one of the 3 chunks of flesh.
This raw flesh tastes terrible.
You start resting.
You hear the slow hiss of a distant avalanche of sand.
You start resting.
You hear the slow hiss of a distant avalanche of sand.
You regained 7 hp, and now have 31/40 hp.
MP restored: 10 The adder hisses angrily.
Okay, then.
The flame tongue hits the adder.
You kill the adder!
Vehumet accepts your kill.
You now have 9/10 mp.
q - 2 scrolls labeled YMADUO YFUEDEX (gained 1)
Okay, then.
All of the chunks of flesh in your inventory have rotted away.
A centaur comes into view.
You regained 2 hp, and now have 34/40 hp.
MP restored: 10 The centaur shouts!
The centaur wields a shortbow.
The centaur shoots an arrow.
The arrow hits you!
You see here an arrow.
You take 11 damage, and have 23/40 hp.
MASSIVE DAMAGE!!
The centaur unwields an uncursed shortbow.
The centaur hits you! The centaur closely misses you.
You take 7 damage, and have 16/40 hp.
Okay, then.
Okay, then.
The flame tongue misses the centaur.
The centaur hits you!
* * * LOW HITPOINT WARNING * * *
You take 9 damage, and have 7/40 hp.
MASSIVE DAMAGE!!
You now have 9/10 mp.
You feel better. You block the centaur's attack. The centaur hits you!
* * * LOW HITPOINT WARNING * * *
You regained 2 hp, and now have 9/40 hp.
Okay, then.
The spell is very dangerous to cast!
Continue anyway?
Okay, then.
Okay, then.
You feel better. The centaur hits you!
* * * LOW HITPOINT WARNING * * *
You take 3 damage, and have 6/40 hp.
The centaur resists with some effort.
Evoking this partially-identified wand wasted a few charges.
The centaur misses you. The centaur hits you!
You die...

.......# .......#
.......###########
.................#
#..#############.#
#..## #<# #.#
#...#######.# #.#
#...........# #(#
..#.........# #@#
###.........####c#
##.............#.#
#.............#.#
##...###.###..#.#
#....# ...# ...>#
##...# ....#..#.#
#.... ...... ..#
#...# ...#.#


You could see a centaur.

Vanquished Creatures
  An ogre (D:5)
  A scorpion (D:5)
  A hound (D:4)
  An orc priest (D:4)
  2 bullfrog skeletons
  Terence (D:3)
  An iguana (D:4)
  2 orc wizards (D:4)
  4 worker ants
  2 hound skeletons (D:4)
  12 gnolls
  11 adders
  A shadow imp (D:4)
  2 oozes
  2 worms
  4 leopard geckos
  An orc (D:3)
  2 ball pythons
  5 giant cockroaches
  8 hobgoblins
  5 jackals
  2 quokkas
  3 bats
  5 frilled lizards
  10 goblins
  10 kobolds
  2 quokka skeletons (D:4)
  A quokka zombie (D:6)
  4 rats
106 creatures vanquished.

Notes
Turn   | Place    | Note
-------+----------+-------------------------------------------
     0 | D:1      | ciph the Octopode Fire Elementalist began the quest for the Orb.
     0 | D:1      | Reached XP level 1. HP: 11/11 MP: 3/3
    51 | D:1      | Upgraded the game from 0.20-a0-1078-g4874019 to 0.20-a0-1086-g4bd2f5b
   189 | D:1      | Reached skill level 3 in Stealth
   266 | D:1      | Reached XP level 2. HP: 17/17 MP: 3/5
   396 | D:1      | Reached skill level 2 in Conjurations
   463 | D:1      | Reached XP level 3. HP: 21/21 MP: 4/6
   470 | D:1      | Learned a level 3 spell: Conjure Flame
   973 | D:2      | Reached XP level 4. HP: 27/27 MP: 7/7
  1144 | D:2      | Reached skill level 4 in Fire Magic
  1592 | D:2      | Reached skill level 3 in Conjurations
  1592 | D:2      | Reached XP level 5. HP: 30/31 MP: 5/8
  1595 | D:2      | Reached skill level 4 in Stealth
  1777 | D:3      | Found a faded altar of an unknown god.
  1782 | D:3      | Noticed Terence
  1798 | D:3      | Killed Terence
  2197 | D:3      | Noticed Shinoi's ghost (amateur DsMo)
  2373 | D:3      | Noticed Jessica
  2832 | D:4      | Reached XP level 6. HP: 36/36 MP: 4/9
  2839 | D:4      | Learned a level 5 spell: Fireball
  2891 | D:4      | Found Canid's Magic Scroll Shoppe.
  2977 | D:4      | Reached skill level 4 in Conjurations
  3211 | D:4      | Reached skill level 5 in Fire Magic
  3388 | D:5      | Entered Level 5 of the Dungeon
  3639 | D:5      | Found a bloodstained altar of Trog.
  3663 | D:5      | Reached XP level 7. HP: 37/41 MP: 4/10
  3818 | D:5      | Found a staircase to the Ecumenical Temple.
  3825 | Temple   | Entered the Ecumenical Temple
  3839 | Temple   | Became a worshipper of Vehumet
  3972 | D:5      | Reached skill level 5 in Conjurations
  4686 | D:4      | Found a shadowy altar of Dithmenos.
  5036 | D:4      | Reached skill level 6 in Fire Magic
  5288 | D:6      | HP: 7/41 [centaur (9)]
  5291 | D:6      | Slain by a centaur

Vault maps used:
D:1:      lemuel_arrival_rhombus, minmay_liquid_box
D:2:      grunt_ministairs_12, hangedman_decor_growths
D:3:      chequers_ecumenical_altar_island, uniq_terence, uniq_jessica
D:4:      serial_shops, shop_scrolls, first_bread, grunt_dithmenos_shadows
D:5:      lemuel_crystal_altar, temple_green, minmay_hedge_maze
D:6:      gammafunk_temple_overflow_wave, enter_ossuary_4,
          minmay_misc_feat_enclosed, minmay_misc_feat_chi,
          hangedman_decor_opposing
Temple:   nicolae_temple_elliptical

Skill      XL: |  1  2  3  4  5  6  7 |
---------------+----------------------+-----
Stealth        | 3 4 |  4.4
Conjurations   | 2 3 4 5 |  5.6
Fire Magic     | 4 5 6 |  6.1
Dodging        | |  2.0
Spellcasting   | |  2.6

Action                   |  1- 3 |  4- 6 |  7- 9 || total
-------------------------+-------+-------+-------++-------
Melee: Unarmed           |     4 |       |       ||     4
       Constrict         |     1 |     7 |     5 ||    13
       Dagger            |    12 |    34 |    13 ||    59
       Tentacles         |     1 |     5 |     3 ||     9
 Cast: Flame Tongue      |    27 |    97 |    61 ||   185
       Conjure Flame     |       |     1 |     2 ||     3
Evoke: Wand              |       |       |     1 ||     1
  Use: Scroll            |     1 |     5 |     1 ||     7
       Potion            |       |       |     2 ||     2
 Stab: Sleeping          |     9 |    13 |     1 ||    23
  Eat: Chunk             |       |     5 |     3 ||     8
       Fruit             |       |     3 |       ||     3
       Bread ration      |       |     1 |       ||     1
Armor: Skin              |     2 |     5 |     4 ||    11
Dodge: Dodged            |    16 |    38 |    31 ||    85
Block: Other             |       |     1 |     1 ||     2

Vault maps used:
D:1:      lemuel_arrival_rhombus, minmay_liquid_box
D:2:      grunt_ministairs_12, hangedman_decor_growths
D:3:      chequers_ecumenical_altar_island, uniq_terence, uniq_jessica
D:4:      serial_shops, shop_scrolls, first_bread, grunt_dithmenos_shadows
D:5:      lemuel_crystal_altar, temple_green, minmay_hedge_maze
D:6:      gammafunk_temple_overflow_wave, enter_ossuary_4,
          minmay_misc_feat_enclosed, minmay_misc_feat_chi,
          hangedman_decor_opposing
Temple:   nicolae_temple_elliptical

Table legend:
 A = Turns spent in this place as a percentage of turns spent in the entire game.
 B = Non-inter-level travel turns spent in this place as a percentage of non-inter-level travel turns spent in the entire game.
 C = Inter-level travel turns spent in this place as a percentage of turns spent in this place.
 D = Turns resting spent in this place as a percentage of non-inter-level travel turns spent in this place.
 E = Turns spent auto-exploring this place as a percentage of non-inter-level travel turns spent in this place.
 F = Non-inter-level travel turns spent in this place divided by the number of levels of this place that you've seen.
                   A       B       C       D       E      F
               +-------+-------+-------+-------+-------+----------------------
         Total | 100.0 | 100.0 |   0.8 |   4.4 |   9.1 | 215.7
       Dungeon |  98.2 |  98.1 |   0.8 |   4.5 |   9.2 | 247.0
        Temple |   1.8 |   1.9 |   0.0 |   0.0 |   3.6 |  28.0
               +-------+-------+-------+-------+-------+----------------------

Table legend:
 A = Kills in this place as a percentage of kills in entire the game.
 B = Kills by you in this place as a percentage of kills by you in the entire game.
 C = Kills by friends in this place as a percentage of kills by friends in the entire game.
 D = Other kills in this place as a percentage of other kills in the entire game.
 E = Experience gained in this place as a percentage of experience gained in the entire game.
 F = Experience gained in this place divided by the number of levels of this place that you have seen.
                   A       B       C       D       E      F
               +-------+-------+-------+-------+-------+----------------------
         Total | 100.0 | 100.0 |  -nan |  -nan | 100.0 | 158.9
       Dungeon | 100.0 | 100.0 |  -nan |  -nan | 100.0 | 185.3
               +-------+-------+-------+-------+-------+----------------------
